 Dungeon Crawl Stone Soup version 0.29.1-14-g9c671dbff4 (webtiles) character file.

Game seed: 12138392998770075970

1 leafyfresh the Sneak (level 1, -7/16 HPs)
             Began as an Octopode Delver on Feb 20, 2023.
             Shot with an arrow by a centaur (13 damage)
             ... on level 5 of the Dungeon.
             The game lasted 00:00:29 (76 turns).

leafyfresh the Sneak (Octopode Delver)                Turns: 76, Time: 00:00:30

Health: -7/16      AC:  1    Str: 11    XL:     1   Next: 20%
Magic:  1/1        EV: 13    Int: 12    God:
Gold:   0          SH:  0    Dex: 13    Spells: 0/0 levels left

rFire   . . .      SeeInvis .   a - +0 short sword
rCold   . . .      Faith    .   (no shield)
rNeg    . . .      Spirit   .   (helmet restricted)
rPois   .          Reflect  .   (no amulet)
rElec   .          Harm     .   (no ring)
rCorr   .          Rampage  .   (no ring)
Will    .....                   (no ring)
Stlth   ++++......              (no ring)
HPRegen 0.05/turn               (no ring)
MPRegen 0.07/turn               (no ring)
                                (no ring)
                                (no ring)

@: no status effects
A: almost no armour, amphibious, 8 rings, camouflage 1, gelatinous body 1,
(nimble swimmer 1), tentacles
a: no special abilities


You were on level 5 of the Dungeon.
You visited 1 branch of the dungeon, and saw 1 of its levels.

Inventory:

Hand Weapons
 a - a +0 short sword (weapon)
Wands
 f - a wand of digging (3)
Scrolls
 b - a scroll of fog
 c - a scroll of magic mapping
 d - a scroll of fear
 g - a scroll of identify {unknown}
 h - a scroll of torment {unknown}
Potions
 e - a potion of haste


   Skills:
 - Level 3.0 Fighting
 - Level 2.0 Short Blades
 + Level 2.0 Dodging
 + Level 6.6 Stealth


You couldn't memorise any spells.
You didn't know any spells.
Your spell library was empty.

Dungeon Overview and Level Annotations

Branches:
Dungeon (5/15)
 Temple: D:4-7

Altars:


Innate Abilities, Weirdness & Mutations

You cannot wear most types of armour.
You are amphibious.
You can wear up to eight rings at the same time.
Your skin changes colour to match your surroundings (Stealth+).
Your rubbery body absorbs attacks. (AC +1, EV +1)
((You are camouflaged when in or above water. (Stealth+)))
You have tentacles for arms and can constrict up to eight enemies at once.


Message History

h - a scroll labelled VUGGOM NIARHUWI A quokka is nearby!
A worm comes into view.
There are monsters nearby!
The quokka bites you.
You hit the quokka. Your grab misses the quokka. You squeeze the quokka.
You kill the quokka!
The worm closely misses you.
A worm is nearby!
You hit the worm. You grab the worm.
The worm is lightly wounded.
You constrict the worm.
A worm is nearby!
You hit the worm but do no damage.
The worm is lightly wounded.
You constrict the worm. The worm bites you!
Ouch! That really hurt!
A worm is nearby!
You are too injured to fight recklessly!
A worm is nearby!
You are too injured to fight recklessly!
A worm is nearby!
Unknown command.
You don't know any spells.
Sorry, you're not good enough to have a special ability.
Unknown command.
Unknown command.
You release your grip on the worm.
Found 9 gold pieces.
An orc comes into view. It is wielding a +0 flail.
A centaur comes into view.
Found a book of Dreams.
Found a scroll labelled KAWOHUMOKH.
There is an open door here.
You see here a scroll labelled KAWOHUMOKH.
As you open the door, it creaks loudly!
The centaur wields a +0 shortbow.
The centaur shoots an arrow.
The arrow hits you!
Ouch! That really hurt!
You die...

#.............####
#.....##'#....'.#.
#.....#......$#.#.
#.....#.......# # ###
#.....#.....### #...
#.....##'#.## #.".?
#........#...
#.....####?....####.#
+.....'@.......# #
#.....###...c..#
#.... #:.....# #...
#......# ### #......#
#......# #......#
#......#


You could see a centaur.

Vanquished Creatures
  A quokka (D:5)
1 creature vanquished.

Notes
Turn   | Place    | Note
-------+----------+-------------------------------------------
     0 | D:5      | leafyfresh the Octopode Delver began the quest for the Orb.
     0 | D:5      | Reached XP level 1. HP: 16/16 MP: 1/1
    62 | D:5      | Noticed a centaur
    76 | D:5      | Shot with an arrow by a centaur

Illustrated notes

Levels and vault maps discovered:
D:5:      layout_basic, hellmonk_bongcloud_opening, nicolae_figureground_sparkle

Action                   || total
-------------------------++-------
Melee: Short sword       ||     3
       Constrict         ||     1
       Tentacles         ||     1
Dodge: Dodged            ||     1
